 Dungeon Crawl Stone Soup version 0.28-a0-1493-g08698888e4 (webtiles) character file.

Game seed: 3115953116579382241

322 a3don the Magician (level 6, -2/46 HPs)
             Began as a Djinni Hedge Wizard on Jan 13, 2022.
             Was an Initiate of Makhleb.
             Slain by a wight (10 damage)
             ... on level 4 of the Dungeon.
             The game lasted 00:11:48 (4742 turns).

a3don the Magician (Djinni Hedge Wizard)            Turns: 4742, Time: 00:11:49

Health: -2/46      AC:  7    Str:  9    XL:     6   Next: 76%
Gold:   146        EV: 12    Int: 18    God:    Makhleb [......] SH:  0 Dex: 12

rFire   + + .      SeeInvis .   a - +0 dagger
rCold   x . .      Faith    .   (no shield)
rNeg    . . .      Spirit   .   b - +0 robe
rPois   ∞          Reflect  .   c - +0 hat
rElec   .          Harm     .   (no cloak)
rCorr   .          Rampage  .   r - +0 pair of gloves
Will    .....                   (boots unavailable)
Stlth   ++........              (no amulet)
HPRegen 0.15/turn               t - +4 ring of protection
MPRegen 0.00/turn               (no ring)

@: flying
A: sickness immunity, fire resistance 2, cold vulnerability 1, float, innate
caster, hp casting, extra vitality 1
a: Renounce Religion


You were on level 4 of the Dungeon.
You worshipped Makhleb.
Makhleb was noncommittal.
You visited 1 branch of the dungeon, and saw 4 of its levels.

You collected 146 gold pieces.

Inventory:

Hand Weapons
 a - a +0 dagger (weapon)
 q - a +0 antimagic hand axe
 v - a +0 rapier
Missiles
 e - 79 stones
 g - 26 arrows
 n - 5 javelins (quivered)
 p - 6 datura-tipped darts
 y - 2 boomerangs of dispersal
Armour
 b - a +0 robe (worn)
 c - a +0 hat (worn)
 i - a +3 ring mail
 r - a +0 pair of gloves (worn)
 s - a +0 chain mail
Jewellery
 t - a +4 ring of protection (left hand)
Wands
 u - a wand of flame (16)
Scrolls
 d - a scroll of fog {unknown}
 f - 5 scrolls of identify {unknown}
 j - 3 scrolls of blinking {unknown}
 x - a scroll of fear {unknown}
 z - a scroll of enchant armour {unknown}
Potions
 h - a potion of haste {unknown}
 k - a potion of invisibility {unknown}
 l - a potion of curing {unknown}
 m - a potion of heal wounds {unknown}
 o - a potion of resistance {unknown}
 w - 2 potions of flight {unknown}


   Skills:
 + Level 3.4 Fighting
 - Level 3.1 Dodging
 - Level 2.3 Stealth
 + Level 4.0 Spellcasting


You couldn't memorise any spells.
You knew the following spells:

 Your Spells              Type           Power      Damage    Failure   Level
a - Magic Dart            Conj           72%        1d6       2%          1
b - Blink                 Tloc           36%        N/A       4%          2
c - Call Imp              Summ           18%        N/A       4%          2
d - Slow                  Hex            72%        N/A       2%          1
e - Conjure Flame         Conj/Fire      18%        6-21      9%          3
f - Mephitic Cloud        Conj/Pois/Air  18%        N/A       9%          3
g - Beastly Appendage     Tmut           36%        N/A       2%          1
h - Ensorcelled Hibernat  Hex/Ice        36%        N/A       4%          2
Your spell library was empty.

Dungeon Overview and Level Annotations

Branches:
Dungeon (4/15)
 Temple: D:4-7

Altars:
Gozag
Makhleb
Wu Jian


Innate Abilities, Weirdness & Mutations

You are immune to sickness and miasma.
You are immune to poison.
Your flesh is very heat resistant. (rF++)
You are vulnerable to cold. (rC-)
You float through the air rather than walking.
You learn spells naturally, not from books.
Your magical power is your life essence.
You have superior vitality. (+4 MHP)


Message History

The wight barely misses you. The wight hits you with a +0 scimitar.
Casting: Magic Dart (safe; 2% risk of failure)
Confirm with . or Enter, or press ? or * to list all spells.
A metallic apparition takes form in the air.
The wight closely misses your iron imp.
Your iron imp hits the wight but does no damage.
The wight barely misses your iron imp.
Your iron imp barely misses the wight.
The wight hits your iron imp with a +0 scimitar!
Your iron imp hits the wight.
The wight hits your iron imp but does no damage.
Your iron imp barely misses the wight.
The wight closely misses your iron imp.
Your iron imp hits the wight!
Casting: Call Imp (safe; 4% risk of failure)
Confirm with . or Enter, or press ? or * to list all spells.
Aiming: Magic Dart (safe; 2% risk of failure)
Press: ? - help, Shift-Dir - straight line, f - wight
Aim: a wight, wielding a +0 scimitar and wearing a +0 robe (severely damaged, ally target, 100% to hit)
The magic dart hits the wight but does no damage.
The wight is severely damaged.
Your iron imp closely misses the wight.
Casting: Magic Dart (safe; 2% risk of failure)
Confirm with . or Enter, or press ? or * to list all spells.
Aiming: Magic Dart (safe; 2% risk of failure)
Press: ? - help, Shift-Dir - straight line, f/p - wight
Aim: a wight, wielding a +0 scimitar and wearing a +0 robe (severely damaged, ally target, 100% to hit)
The magic dart hits the wight.
The wight is severely damaged.
The wight hits you with a +0 scimitar!
* * * LOW HITPOINT WARNING * * *
Your iron imp barely misses the wight.
The wight hits you with a +0 scimitar!
* * * LOW HITPOINT WARNING * * *
You see here a +0 club.
The wight closely misses you.
There is a stone staircase leading up here.
Okay, then.
The wight hits you with a +0 scimitar!
You die...

......# #.# .# ......# #.#
.# .....## #.#####.# #
###..# ###.......###.#
#..# #.................#
#.>#####.#####5..........#
##.##.....# #...........#
#.##.....# #z..........
####.....####@........
#.........######.#####
#....................#
#.........####....._.#
#.........# #.......#
#.........# #.......#
#.....##### #.##'##.#
#.....# ###)..### #######
##♣...♣##


You could see a wight (ally target) and a friendly iron imp (summoned).

Vanquished Creatures
  A necrophage (D:4)
  Jessica (D:3)
  Natasha (twice) (D:3)
  4 adders
  An ufetubus (D:4)
  An orc (D:4)
  2 endoplasms
  3 giant cockroaches
  4 goblins (D:1)
  4 hobgoblins
  A quokka (D:1)
  3 ball pythons
  2 bats (D:1)
  A frilled lizard (D:2)
  3 kobolds
  2 rats
35 creatures vanquished.

Vanquished Creatures (collateral kills)
  A jelly (D:4)
  Natasha (D:3)
  3 adders
  A worm (D:2)
  An orc (D:3)
  A ball python (D:2)
  A giant cockroach (D:3)
  A kobold (D:4)
10 creatures vanquished.

Grand Total: 45 creatures vanquished

Notes
Turn   | Place    | Note
-------+----------+-------------------------------------------
     0 | D:1      | a3don the Djinni Hedge Wizard began the quest for the Orb.
     0 | D:1      | Reached XP level 1. HP: 15/15 MP: 0/0
   256 | D:1      | Reached XP level 2. HP: 12/21 MP: 0/0
  1509 | D:2      | Reached XP level 3. HP: 7/25 MP: 0/0
  1509 | D:2      | Learned a level 1 spell: Beastly Appendage
  2330 | D:2      | Found a faded altar of an unknown god.
  2410 | D:2      | Reached XP level 4. HP: 27/31 MP: 0/0
  2717 | D:3      | Noticed Jessica
  2885 | D:3      | Killed Jessica
  2886 | D:3      | Reached skill level 1 in Fighting
  2886 | D:3      | Reached skill level 3 in Spellcasting
  3211 | D:3      | Noticed Natasha
  3241 | D:3      | Killed Natasha
  3242 | D:3      | Reached XP level 5. HP: 27/37 MP: 0/0
  3242 | D:3      | Learned a level 2 spell: Ensorcelled Hibernation
  3613 | D:3      | Noticed Natasha
  3623 | D:3      | Killed Natasha
  3707 | D:3      | Found an opulent altar of Gozag.
  3918 | D:3      | Noticed Natasha
  3923 | D:3      | Killed Natasha
  4082 | D:4      | Found a burning altar of Makhleb.
  4083 | D:4      | Noticed a necrophage
  4085 | D:4      | Reached XP level 6. HP: 37/45 MP: 0/0
  4093 | D:4      | Killed a necrophage
  4316 | D:4      | Became a worshipper of Makhleb the Destroyer
  4479 | D:4      | Reached skill level 4 in Spellcasting
  4641 | D:4      | Found an ornate altar of the Wu Jian Council.
  4742 | D:4      | Slain by a wight

Illustrated notes

Levels and vault maps discovered:
D:1:      psy_arrival_radial01, layout_basic, due_unseen_surprise
D:2:      layout_basic, chequers_ecumenical_altar_grove, minmay_3d_cube
D:3:      layout_basic, nicolae_gozag_seed_capital, serial_co_window_serial,
          co_window_corner_a, co_window_paths_b, co_window_paths_a,
          co_window_corner_a, co_window_paths_b, co_window_of_opportunity_c,
          co_window_broadway_a, co_window_2corner, co_window_2corner,
          co_window_cross_4, co_window_cross_3, glass_columns_a,
          glass_columns_a, glass_columns_b, glass_columns_a, glass_columns_a,
          minivault_4, uniq_natasha, uniq_jessica
D:4:      layout_basic, amcnicky_altar_gilded, overflow_temple_1_default,
          grunt_ministairs_7

Skill      XL: |  1  2  3  4  5  6 |
---------------+-------------------+-----
Stealth        | 2 |  2.3
Dodging        | 3 |  3.1
Fighting       | 1 2 3 |  3.4
Spellcasting   | 3 4 |  4.0

Action                   |  1- 3 |  4- 6 || total
-------------------------+-------+-------++-------
Melee: Dagger            |     6 |    28 ||    34
       Punch             |     1 |       ||     1
       Headbutt          |       |     1 ||     1
 Cast: Magic Dart        |    53 |    54 ||   107
       Call Imp          |     5 |    13 ||    18
       Beastly Appendage |     1 |     1 ||     2
       Mephitic Cloud    |       |     2 ||     2
       Conjure Flame     |       |     1 ||     1
Armor: Robe              |     2 |    20 ||    22
Dodge: Dodged            |    10 |    34 ||    44

Table legend: (Time is in decaauts)
 A = Elapsed time spent in this place.
 B = Non-inter-level travel time spent in this place.
 C = Inter-level travel time spent in this place.
 D = Time resting spent in this place.
 E = Time spent auto-exploring this place.
 F = Levels seen in this place.
 G = Mean time per level.
                   A        B        C        D        E       F      G
               +--------+--------+--------+--------+--------+-----+--------+
         Total |   4745 |   4521 |    224 |   1745 |   2286 |   4 | 1186.2 |
       Dungeon |   4745 |   4521 |    224 |   1745 |   2286 |   4 | 1186.2 |
               +--------+--------+--------+--------+--------+-----+--------+

Top non-repeatable levels by time:
     D:1: 1372 daAuts
     D:3: 1371 daAuts
     D:2: 1335 daAuts
     D:4: 666 daAuts
